 Dungeon Crawl Stone Soup version 0.32-a0-893-gf85d74f360 (webtiles) character file.

Game seed: 15943411041250668760

66 innerfire43 the Slasher (level 3, -1/28 HPs)
             Began as a Demonspawn Wanderer on Apr 3, 2024.
             Was a Follower of Uskayaw.
             Slain by Sigmund
             ... wielding a +0 scythe
              (6 damage)
             ... on level 2 of the Dungeon.
             The game lasted 00:03:01 (1247 turns).

innerfire43 the Slasher (Demonspawn Wanderer)       Turns: 1247, Time: 00:03:02

Health: -1/28      AC:  5    Str: 16    XL:     3   Next: 96%
Magic:  3/6        EV:  7    Int: 11    God:    Uskayaw [*.....]
Gold:   100        SH:  7    Dex: 11    Spells: 6/6 levels left

rFire   . . .        a - +2 falchion
rCold   . . .        i - +0 kite shield
rNeg    . . .        b - +0 ring mail
rPois   .            (no helmet)
rElec   .            (no cloak)
rCorr   .            (no gloves)
SInv    .            (no boots)
Will    .....        (no amulet)
Stlth   +            (no ring)
HPRegen 0.24/turn    (no ring)
MPRegen 0.10/turn

%: no passive effects
@: no status effects
A: weakness stinger 1
a: Renounce Religion, Stomp


You were on level 2 of the Dungeon.
You worshipped Uskayaw.
Uskayaw was noncommittal.
You visited 1 branch of the dungeon, and saw 2 of its levels.

You collected 100 gold pieces.

Inventory:

Hand Weapons
 a - a +2 falchion (weapon)
Armour
 b - a +0 ring mail (worn)
 i - a +0 kite shield (worn)
Talismans
 e - a flux talisman
Wands
 n - a wand of charming (9)
Scrolls
 c - a scroll of blinking
 d - a scroll of immolation {unknown}
 f - 2 scrolls of silence {unknown}
 g - 2 scrolls of identify {unknown}
 j - a scroll of fog {unknown}
 k - 2 scrolls of enchant armour {unknown}
Potions
 h - a potion of ambrosia {unknown}
 l - a potion of enlightenment {unknown}
 m - a potion of attraction {unknown}


   Skills:
 + Level 2.5 Fighting
 + Level 3.9 Long Blades
 + Level 1.6 Armour
 + Level 0.5 Shields
 - Level 2.0 Spellcasting
 * Level 2.9 Invocations
 - Level 1.0 Evocations


You had 6 spell levels left.
You didn't know any spells.
Your spell library was empty.

Dungeon Overview and Level Annotations

Branches:
Dungeon (2/15)

Altars:
Uskayaw

Annotations:
D:2 Sigmund


Innate Abilities, Weirdness & Mutations

You have a small tail.


Message History

Your tail-slap misses the giant cockroach.
You feel less confused. The goblin misses you.
The giant cockroach barely misses you.
You barely miss the giant cockroach. You block the giant cockroach's attack.
The goblin closely misses you.
The giant cockroach bites you but does no damage.
The goblin closely misses you.
You hit the giant cockroach.
The giant cockroach is heavily wounded.
The giant cockroach bites you but does no damage.
Something hits you. You block the goblin's attack.
You slash the giant cockroach!
You kill the giant cockroach!
The goblin hits you but does no damage. Something hits you.
You slash the endoplasm!
You kill the endoplasm!
The goblin hits you from afar with a +0 spear.
Something completely misses you.
The goblin hits you from afar with a +0 spear.
You block the adder's attack.
You slash the adder!
The adder is almost dead.
The adder bites you but does no damage. You block the goblin's attack.
Something hits you.
You can now pass through a line of other dancers.
You slash the adder!
You kill the adder!
The goblin barely misses you.
You don't know any spells.
You stomp with the beat, sending a shockwave through the revellers around you!
You can no longer pass through a line of other dancers.
Something hits you!
* * * LOW HITPOINT WARNING * * *
The goblin hits you but does no damage. You block the goblin's attack.
You block something's attack.
You see here a giant cockroach corpse.
You barely miss the goblin.
Your tail-slap misses the goblin.
The goblin hits you but does no damage. Something hits you.
You die...
Your body falls in perfect tune with the rhythm.

.. .# #.#####.##
#.#...... ###.....<.
#......?.#
#.#......####.
#.#........... #.#
#.g.# #.# ##@## #####
#.# #.# #...###.##
#.######## #........#
#.........
#...###..###.########
##.## #......#
######.# #.######
.......# #.# .#######
#.#


You could see a goblin.

Vanquished Creatures
  An adder (D:2)
  A ribbon worm (D:2)
  2 dart slugs (D:1)
  3 bats
  3 endoplasms
  2 giant cockroaches (D:2)
  3 goblins (D:1)
  3 hobgoblins (D:1)
  13 jackals
  A quokka (D:1)
  5 ball pythons
  2 frilled lizards (D:1)
  2 kobolds
  3 rats
44 creatures vanquished.

Notes
Turn   | Place    | Note
-------+----------+-------------------------------------------
     0 | D:1      | innerfire43 the Demonspawn Wanderer began the quest for the
                  | Orb.
     0 | D:1      | innerfire43 set off with the following items: a +2
                  | falchion, a +0 ring mail, a scroll of blinking.
     0 | D:1      | Reached XP level 1. HP: 16/16 MP: 3/3
    86 | D:1      | Reached skill level 1 in Invocations
   118 | D:1      | Gained mutation: You have a small tail. [demonic ancestry]
   118 | D:1      | Reached XP level 2. HP: 22/22 MP: 5/5
   197 | D:1      | Found a faded altar of an unknown god.
   220 | D:1      | Prayed at the altar of an unknown god.
   220 | D:1      | Became a worshipper of Uskayaw the Reveller
   220 | D:1      | Reached * piety under Uskayaw
   283 | D:1      | Reached ** piety under Uskayaw
   625 | D:1      | Reached XP level 3. HP: 28/28 MP: 6/6
  1232 | D:2      | Noticed Sigmund
  1247 | D:2      | Slain by Sigmund

Illustrated notes

Levels and vault maps discovered:
D:1:      amcnicky_arrival_flooded_fountain, layout_basic,
          hellmonk_ecumenical_altar_dog_temple, chequers_serial_rivers_small_a,
          minmay_misc_feat_chi
D:2:      layout_loops_ring, uniq_sigmund

Skill      XL: |  1  2 |
---------------+-------+-----
Invocations    | 1 2 |  2.9
Fighting       | |  2.5
Long Blades    | |  3.9
Armour         | |  1.6
Shields        | |  0.5
Spellcasting   | |  2.0
Evocations     | |  1.0

Action                     || total
---------------------------++-------
  Melee: Falchion          ||   106
         Tailslap          ||     9
 Invoke: Stomp             ||     1
 Armour: Ring mail         ||    97
  Dodge: Dodged            ||    51
  Block: Kite shield       ||    25

Table legend: (Time is in decaauts)
 A = Elapsed time spent in this place.
 B = Non-inter-level travel time spent in this place.
 C = Inter-level travel time spent in this place.
 D = Time resting spent in this place.
 E = Time spent auto-exploring this place.
 F = Levels seen in this place.
 G = Mean time per level.
                   A        B        C        D        E       F      G
               +--------+--------+--------+--------+--------+-----+--------+
         Total |   1274 |   1107 |    167 |      0 |    845 |   2 |  637.0 |
       Dungeon |   1274 |   1107 |    167 |      0 |    845 |   2 |  637.0 |
               +--------+--------+--------+--------+--------+-----+--------+

Top non-repeatable levels by time:
     D:1: 942 daAuts
     D:2: 332 daAuts
